 Dungeon Crawl Stone Soup version 0.32-a0-818-gb728d0252e (webtiles) character file.

Game seed: 1317840361755194153

444 mopl the Ruffian (level 7, -6/47 HPs)
             Began as a Djinni Shapeshifter on Mar 24, 2024.
             Mangled by an iguana (12 damage)
             ... on level 5 of the Dungeon.
             The game lasted 00:03:56 (3016 turns).

mopl the Ruffian (Djinni Shapeshifter)              Turns: 3016, Time: 00:03:57

Health: -6/47      AC:  5    Str: 15    XL:     7   Next: 23%
Gold:   176        EV: 10    Int: 11    God:
                   SH:  0    Dex: 13

rFire   + +          .
                       - Unarmed
rCold   x . .        (no shield)
rNeg    . . .        p - +0 ring mail
rPois   ∞            (helmet currently unavailable)
rElec   .            (cloak currently unavailable)
rCorr   +            (gloves currently unavailable)
SInv    .            (boots unavailable)
Will    .....        (no amulet)
Stlth   +            w - ring of resist corrosion
HPRegen 0.27/turn    (no ring)
MPRegen 0.00/turn

%: infuse magic (-7 HP)
@: beast-form, flying
A: beast (slay +2), flying, sickness immunity, fire resistance 2, cold
vulnerability 1, float, innate caster, HP casting, extra vitality 1
a: Begin Untransformation


You were on level 5 of the Dungeon.
You were a hulking beast.
You visited 1 branch of the dungeon, and saw 5 of its levels.

You collected 176 gold pieces.

Inventory:

Missiles
 j - 4 boomerangs (quivered)
 s - 6 poisoned darts
 E - 5 atropa-tipped darts
Armour
 i - a +1 hat
 l - a +1 pair of gloves
 n - a +0 helmet
 p - a +0 ring mail (worn)
 u - a +0 chain mail
Magical Staves
 m - a staff of cold
Jewellery
 w - a ring of resist corrosion (left hand)
Talismans
 c - a beast talisman (active)
 d - a flux talisman
Wands
 r - a wand of iceblast (13)
 F - a wand of digging (8)
Scrolls
 a - 2 scrolls of identify {unknown}
 b - a scroll of fear {unknown}
 k - 2 scrolls of silence {unknown}
 o - 2 scrolls of teleportation {unknown}
 q - a scroll of amnesia {unknown}
 t - a scroll of brand weapon {unknown}
 v - a scroll of enchant armour {unknown}
 y - 2 scrolls of enchant weapon {unknown}
 z - a scroll of immolation {unknown}
 A - a scroll of fog {unknown}
 G - a scroll of revelation {unknown}
Potions
 e - 2 potions of enlightenment {unknown}
 f - 2 potions of curing {unknown}
 g - 2 potions of might {unknown}
 h - a potion of resistance {unknown}
 x - a potion of heal wounds {unknown}
 B - a potion of degeneration {unknown}
 C - 3 potions of ambrosia {unknown}
 D - a potion of attraction {unknown}


   Skills:
 - Level 1.0 Fighting
 - Level 2.1 Dodging
 + Level 5.8 Unarmed Combat
 + Level 4.9 Shapeshifting


You knew the following spells:

 Your Spells              Type           Power      Damage    Failure   Level
a - Necrotise             Necr           0%         1d4       56%         1
b - Searing Ray           Conj           0%         2d4       71%         2
c - Sigil of Binding      Hex            0%         N/A       91%         3
Your spell library was empty.

Dungeon Overview and Level Annotations

Branches:
Dungeon (5/15)
 Temple: D:4-7

Altars:
Fedhas


Innate Abilities, Weirdness & Mutations

You are a hulking beast.
Your limbs bulge with bestial killing power. (Slay +2)
You are flying.
You are immune to sickness and miasma.
You are immune to poison.
Your flesh is very heat resistant. (rF++)
You are vulnerable to cold. (rC-)
You float through the air rather than walking.
You learn spells naturally, not from books.
Your magical power is your life essence.
You have superior vitality. (+4 MHP)


Message History

The iguana is moderately wounded.
The iguana barely misses you. The dart slug launches a dart at you.
The slug dart hits you.
You hit the iguana.
The iguana is heavily wounded.
The iguana bites you.
You punch the iguana!
The iguana is almost dead.
The iguana bites you.
You hit the iguana but do no damage.
The iguana is almost dead.
You hit the iguana but do no damage.
The iguana is almost dead.
The iguana bites you!
You are too injured to fight recklessly!
You are too injured to fight recklessly!
You are too injured to fight recklessly!
You are too injured to fight recklessly!
You are too injured to fight recklessly!
You are too injured to fight recklessly!
You are too injured to fight recklessly!
You are too injured to fight recklessly!
You are too injured to fight recklessly!
You are too injured to fight recklessly!
You are too injured to fight recklessly!
You are too injured to fight recklessly!
You are too injured to fight recklessly!
You are too injured to fight recklessly!
You hit the iguana but do no damage.
The iguana is almost dead.
The iguana bites you!
* * * LOW HITPOINT WARNING * * *
The dart slug launches a dart at you. The slug dart hits you.
* * * LOW HITPOINT WARNING * * *
You hit the iguana but do no damage.
The iguana is almost dead.
The iguana bites you!
You die...

#.. #..#.# #.#..#........
#... #..#.# #.............
#.... #..#.# #........... .
#.....#..#.####...##..#....
#....<..................#
........#######...###.##..#
#.####### #...# ..
########...# #.#
#..w.hl....# #
.....#####...# ... #...# +
#...# #...# ..... #.....
......


You could see an iguana and a dart slug.

Vanquished Creatures
  Sigmund (D:3)
  An iguana (D:3)
  Ijyb (D:4)
  Natasha (twice) (D:4)
  An orc wizard (D:4)
  6 adders
  A dart slug (D:3)
  A ribbon worm (D:2)
  8 orcs (D:4)
  2 ball pythons
  5 endoplasms
  3 giant cockroaches
  7 hobgoblins
  4 jackals (D:1)
  5 quokkas
  7 bats
  4 frilled lizards
  8 goblins
  8 kobolds
  8 rats
83 creatures vanquished.

Notes
Turn   | Place    | Note
-------+----------+-------------------------------------------
     0 | D:1      | mopl the Djinni Shapeshifter began the quest for the Orb.
     0 | D:1      | Reached XP level 1. HP: 17/17 MP: 0/0
   161 | D:1      | Reached XP level 2. HP: 21/22 MP: 0/0
   246 | D:1      | Reached skill level 3 in Shapeshifting
   394 | D:1      | Reached XP level 3. HP: 27/27 MP: 0/0
   394 | D:1      | Learned a level 1 spell: Necrotise
   991 | D:2      | Reached XP level 4. HP: 32/32 MP: 0/0
  1452 | D:3      | Reached skill level 4 in Unarmed Combat
  1460 | D:3      | Noticed Sigmund
  1465 | D:3      | Killed Sigmund
  1466 | D:3      | Reached skill level 5 in Unarmed Combat
  1466 | D:3      | Reached skill level 4 in Shapeshifting
  1466 | D:3      | Reached XP level 5. HP: 33/37 MP: 0/0
  1466 | D:3      | Learned a level 2 spell: Searing Ray
  1466 | D:3      | Reached XP level 6. HP: 37/42 MP: 0/0
  2533 | D:4      | Noticed Natasha
  2654 | D:4      | Killed Natasha
  2655 | D:4      | Reached XP level 7. HP: 47/47 MP: 0/0
  2655 | D:4      | Learned a level 3 spell: Sigil of Binding
  2676 | D:4      | Noticed Natasha
  2684 | D:4      | Killed Natasha
  2732 | D:4      | Noticed Ijyb
  2747 | D:4      | Killed Ijyb
  2945 | D:4      | Found a blossoming altar of Fedhas.
  2985 | D:5      | Entered Level 5 of the Dungeon
  3016 | D:5      | Mangled by an iguana

Illustrated notes

Levels and vault maps discovered:
D:1:      lemuel_arrival_funnel, layout_loops_ring
D:2:      layout_basic, nrook_mini_backslash
D:3:      layout_loops_ring, uniq_sigmund
D:4:      layout_rooms, mainiacjoe_overflow_brackets, uniq_ijyb, uniq_natasha
D:5:      layout_basic, mainiacjoe_overflow_alcove_4,
          nicolae_ossuary_entry_catacombs, uniq_prince_ribbit1, uniq_grinder

Skill      XL: |  1  2  3  4 |
---------------+-------------+-----
Shapeshifting  | 3 4 |  4.9
Unarmed Combat | 5 |  5.8
Fighting       | |  1.0
Dodging        | |  2.1

Action                     |  1- 3 |  4- 6 |  7- 9 || total
---------------------------+-------+-------+-------++-------
  Melee: Unarmed           |   115 |   105 |    33 ||   253
         Punch             |     3 |     4 |     1 ||     8
  Throw: Boomerang         |       |     2 |       ||     2
  Evoke: Wand              |       |     3 |     2 ||     5
    Use: Potion            |       |     1 |       ||     1
 Armour: Animal skin       |    64 |       |       ||    64
         Ring mail         |       |    81 |    21 ||   102
         Skin              |       |     9 |       ||     9
  Dodge: Dodged            |    71 |    51 |    20 ||   142

Table legend: (Time is in decaauts)
 A = Elapsed time spent in this place.
 B = Non-inter-level travel time spent in this place.
 C = Inter-level travel time spent in this place.
 D = Time resting spent in this place.
 E = Time spent auto-exploring this place.
 F = Levels seen in this place.
 G = Mean time per level.
                   A        B        C        D        E       F      G
               +--------+--------+--------+--------+--------+-----+--------+
         Total |   2999 |   2838 |    161 |    397 |   1781 |   5 |  599.8 |
       Dungeon |   2999 |   2838 |    161 |    397 |   1781 |   5 |  599.8 |
               +--------+--------+--------+--------+--------+-----+--------+

Top non-repeatable levels by time:
     D:3: 854 daAuts
     D:1: 710 daAuts
     D:4: 703 daAuts
     D:2: 702 daAuts
     D:5: 29 daAuts
